AoeStats
← |GaoeG| flamingo

Arena

509944451Analyzed
3v3 RM · 2d ago on Sep 28, 2026· 41m 47s· 6 players
Game mode
Random Map
Map size
Normal (6 player)
Population
200
Speed
Normal
Resources
Standard
Victory
Conquest
Starting age
Dark Age
Ending age
Imperial Age
RankedLock teamsTeams togetherTeam positionsShared explorationLock speedFull tech treeHidden civsTurbo modeCheats
Victory
Defeat
🇪🇸 Mongols · Spain
1432
+15
🇪🇸 Malians · Spain
1337
+18
🇪🇸 Spanish · Spain
1313
+19
🇨🇦 Poles · Canada
1450
-19
🇭🇺 Bohemians · Hungary
1380
-17
🇺🇸 Mongols · United States
1352
-16
Uporcpine
9:55 Feudal Age
13:29 Castle Age
12:14 Loom
12:37 Double-Bit Axe
12:35 Horse Collar
16:22 Wheelbarrow
24:24 Imperial Age
23:34 Fletching
24:53 Chemistry
25:04 Bow Saw
26:30 Pikeman
32:47 Heavy Plow
36:04 Bodkin Arrow
37:36 Masonry
39:58 Bracer
39:58 Padded Archer Armor
40:36 Fervor
40:20 Elite Skirmisher
41:01 Halberdier
41:42 Squires
Meesh
11:04 Feudal Age
15:29 Castle Age
14:12 Double-Bit Axe
14:09 Horse Collar
14:20 Gold Mining
14:25 Stone Mining
15:23 Loom
17:40 Wheelbarrow
21:53 Fletching
23:35 Bodkin Arrow
28:12 Imperial Age
26:30 Bow Saw
28:14 Heavy Plow
29:02 Bracer
29:56 Conscription
31:29 Padded Archer Armor
Ranchy
10:06 Feudal Age
14:30 Castle Age
13:05 Double-Bit Axe
15:28 Bow Saw
15:09 Horse Collar
18:33 Loom
21:41 Wheelbarrow
25:40 Imperial Age
24:03 Hand Cart
24:01 Heavy Plow
23:58 Gold Mining
24:39 Scale Barding Armor
25:33 Bloodlines
25:24 Husbandry
25:54 Szlachta Privileges
26:29 Chain Barding Armor
26:43 Conscription
26:43 Cavalier
28:15 Forging
29:37 Iron Casting
31:26 Blast Furnace
30:49 Town Watch
35:55 Light Cavalry
37:39 Lechitic Legacy
37:45 Winged Hussar
42:01 Fletching
|GaoeG| flamingo
11:10 Feudal Age
15:08 Castle Age
13:10 Double-Bit Axe
13:07 Horse Collar
16:38 Bow Saw
17:46 Heavy Plow
26:56 Gold Mining
29:38 Imperial Age
28:03 Wheelbarrow
28:11 Wheelbarrow
27:22 Loom
28:57 Scale Mail Armor
29:07 Forging
29:08 Pikeman
29:48 Squires
30:07 Chain Mail Armor
31:01 Halberdier
35:53 Hand Cart
38:12 Plate Mail Armor
41:33 Chemistry
42:33 Iron Casting
JITANOmaleant7
9:50 Feudal Age
13:59 Castle Age
12:19 Double-Bit Axe
13:40 Horse Collar
14:38 Wheelbarrow
15:38 Bow Saw
20:36 Heavy Plow
22:05 Gold Mining
22:11 Stone Mining
23:19 Loom
24:31 Gold Shaft Mining
24:32 Stone Shaft Mining
24:38 Stone Shaft Mining
29:19 Imperial Age
26:46 Fletching
27:59 Bodkin Arrow
28:07 Padded Archer Armor
28:31 Ballistics
28:55 Bloodlines
28:46 Husbandry
30:14 Gold Shaft Mining
30:01 Bracer
31:03 Chemistry
30:49 Leather Archer Armor
30:45 Thumb Ring
32:07 Conscription
31:26 Light Cavalry
32:16 Elite Mangudai
34:08 Light Cavalry
37:55 Masonry
38:42 Parthian Tactics
|GaoeG| Tifus
11:26 Feudal Age
9:42 Loom
15:51 Castle Age
14:38 Gold Mining
14:29 Horse Collar
16:05 Double-Bit Axe
21:38 Wheelbarrow
24:25 Gold Shaft Mining
27:14 Imperial Age
25:23 Heavy Plow
26:38 Bow Saw
27:52 Bloodlines
27:42 Husbandry
27:59 Husbandry
27:33 Light Cavalry
28:31 Forging
28:26 Scale Barding Armor
28:56 Hand Cart
29:57 Farimba
30:42 Chain Barding Armor
30:57 Iron Casting
32:55 Plate Barding Armor
33:09 Heavy Camel Rider
37:37 Stone Mining
Connection lost

Rejoining the realm…

Still unreachable

The connection could not be restored.

Session expired

The server has moved on; the page needs a fresh start.